 Dungeon Crawl Stone Soup version 0.28-a0-245-g639a1a48b9 (webtiles) character file.

Game seed: 1336494415208878257

21 GordonOverkill the Grave Robber (level 2, -2/12 HPs)
             Began as a Felid Necromancer on Aug 25, 2021.
             Slain by an adder (5 damage)
             ... on level 2 of the Dungeon.
             The game lasted 00:03:12 (1841 turns).

GordonOverkill the Grave Robber (Felid Necromancer) Turns: 1841, Time: 00:03:13

Health: -2/12      AC:  1    Str: 10    XL:     2   Next: 62%
Magic:  0/6        EV: 17    Int: 16    God:
Gold:   15         SH:  0    Dex: 16    Spells: 4/5 levels left
                                        Lives:  0   Deaths: 0

rFire   . . .      SeeInvis +   (weapon unavailable)
rCold   . . .      Faith    .   (shield unavailable)
rNeg    . . .      Spirit   .   (armour unavailable)
rPois   .          Reflect  .   (helmet unavailable)
rElec   .          Harm     .   (cloak unavailable)
rCorr   .          Rampage  .   (gloves unavailable)
Will    .....                   (boots unavailable)
Stlth   ++........              (no amulet)
HPRegen 0.04/turn               b - +6 ring of strength
MPRegen 0.10/turn               (no ring)

@: weak-willed, quick
A: very small, claws 1, fangs 3, see invisible, speed 1, shaggy fur 1, stealthy
paws, no weapons or thrown items, no armour, multi-lived
a: no special abilities


You were on level 2 of the Dungeon.
You visited 1 branch of the dungeon, and saw 2 of its levels.

You collected 15 gold pieces.

Inventory:

Jewellery
 b - a +6 ring of strength (left paw)
Scrolls
 g - a scroll of enchant armour {unknown}
Potions
 c - a potion of resistance
 d - 2 potions of curing {unknown}
 e - a potion of invisibility {unknown}


   Skills:
 + Level 0.8 Fighting
 + Level 3.1 Dodging
 + Level 3.1 Stealth
 + Level 2.2 Spellcasting
 + Level 0.1 Summonings
 + Level 4.1 Necromancy


You had 4 spell levels left.
You knew the following spells:

 Your Spells              Type           Power      Damage    Failure   Level
a - Pain                  Necr           60%        1d7       3%          1

Your spell library contained the following spells:

 Spells                   Type           Power      Damage    Failure   Level
 Animate Skeleton         Necr           30%        N/A       3%          1
 Vampiric Draining        Necr           7%         2d7       11%         3
 Ensorcelled Hibernation  Hex/Ice        2%         N/A       30%         2
 Animate Dead             Necr           7%         N/A       36%         4
 Spider Form              Tmut/Pois      0%         N/A       52%         3
 Agony                    Necr           15%        N/A       71%         5
 Shadow Creatures         Summ           N/A        N/A       100%        6


Dungeon Overview and Level Annotations

Branches:
Dungeon (2/15)

Altars:

Shops:
D:1 :


Innate Abilities, Weirdness & Mutations

You have sharp claws.
You have razor-sharp teeth.
You have supernaturally acute eyesight. (SInv)
You cover ground quickly. (Speed+)
You are covered in fur. (AC +1)
Your paws help you pounce on unaware monsters.
You are incapable of wielding weapons or throwing items.
You cannot wear armour.
You gain extra lives every three experience levels.


Message History

Confirm with . or Enter, or press ? or * to list all spells.
Aiming: Pain (safe; 3% risk of failure)
Press: ? - help, Shift-Dir - straight line, f/p - worm
Aim: a worm (moderately wounded, chance to affect: 80%)
The worm writhes in agony.
There is a stone staircase leading up here.
Casting: Pain (safe; 3% risk of failure)
Confirm with . or Enter, or press ? or * to list all spells.
Aiming: Pain (safe; 3% risk of failure)
Press: ? - help, Shift-Dir - straight line, f/p - worm
Aim: a worm (moderately wounded, chance to affect: 80%)
The worm writhes in agony.
Casting: Pain (safe; 3% risk of failure)
Confirm with . or Enter, or press ? or * to list all spells.
Aiming: Pain (safe; 3% risk of failure)
Press: ? - help, Shift-Dir - straight line, f/p - worm
Aim: a worm (heavily wounded, chance to affect: 80%)
The worm barely resists.
Casting: Pain (safe; 3% risk of failure)
Confirm with . or Enter, or press ? or * to list all spells.
Aiming: Pain (safe; 3% risk of failure)
Press: ? - help, Shift-Dir - straight line, f/p - worm
Aim: a worm (heavily wounded, chance to affect: 80%)
The worm barely resists.
An adder comes into view.
Found 23 bolts.
The adder hisses angrily.
There is a stone staircase leading down here.
The adder misses you.
A kobold comes into view. It is wielding a +0 club.
As you read the scroll labelled KIZISH ED RIE, it crumbles to dust.
The kobold shouts!
Magic quickly surges around you.
It was a scroll of vulnerability.
The kobold throws a stone.
The stone hits you but does no damage. The adder closely misses you.
As you read the scroll labelled SUBLIO KONK, it crumbles to dust.
It is a scroll of identify.
c - a potion of resistance The adder bites you.
You die...

###########
####....w....########
###...........<........
#......>######.<.#####
#.......# #...#####..
#.......### #..........
#.........## ##..######.
#.......S@.####..# #
#.......#........# .#
#......(##......K# .#
###..............# ###.#
#...####.#####.####...##
..... ...# #..........
##... ## .# ######.####
.# ### #.# ##.###.#


You could see an adder (weak-willed) and a kobold (weak-willed).

Vanquished Creatures
  4 ball pythons (D:1)
  A giant cockroach (D:1)
  2 goblins
  A hobgoblin (D:1)
  4 quokkas (D:1)
  2 bats (D:1)
  A frilled lizard (D:1)
  4 rats (D:1)
19 creatures vanquished.

Notes
Turn   | Place    | Note
-------+----------+-------------------------------------------
     0 | D:1      | GordonOverkill the Felid Necromancer began the quest for
                  | the Orb.
     0 | D:1      | Reached XP level 1. HP: 7/7 MP: 4/4
   498 | D:1      | Reached XP level 2. HP: 9/12 MP: 3/6
   764 | D:1      | Found Jifulel's Book Shoppe.
  1841 | D:2      | Slain by an adder

Illustrated notes

Levels and vault maps discovered:
D:1:      erik_arrival_cave_to_civilisation [erik_arrival_cave_to_hall],
          layout_loops_ring, serial_shops, shop
D:2:      layout_loops_ring, basic_altar, minmay_liquid_box

Skill      XL: |  1  2 |
---------------+-------+-----
Stealth        | 3 |  3.1
Dodging        | 3 |  3.1
Fighting       | |  0.8
Spellcasting   | |  2.2
Summonings     | |  0.1
Necromancy     | |  4.1

Action                   || total
-------------------------++-------
Melee: Unarmed           ||     1
 Cast: Pain              ||    41
  Use: Scroll            ||     2
 Stab: Sleeping          ||     1
Armor: Skin              ||     1
Dodge: Dodged            ||     2

Table legend: (Time is in decaauts)
 A = Elapsed time spent in this place.
 B = Non-inter-level travel time spent in this place.
 C = Inter-level travel time spent in this place.
 D = Time resting spent in this place.
 E = Time spent auto-exploring this place.
 F = Levels seen in this place.
 G = Mean time per level.
                   A        B        C        D        E       F      G
               +--------+--------+--------+--------+--------+-----+--------+
         Total |   1651 |   1582 |     69 |    824 |    588 |   2 |  825.5 |
       Dungeon |   1651 |   1582 |     69 |    824 |    588 |   2 |  825.5 |
               +--------+--------+--------+--------+--------+-----+--------+

Top non-repeatable levels by time:
     D:1: 1529 daAuts
     D:2: 121 daAuts
